 Dungeon Crawl Stone Soup version 0.26-a0-845-gfacbca91cf (webtiles) character file.

Game seed: 2436592152881629939

529722 EWolf27 the Wrestler (level 24, -5/244 HPs)
             Began as a Troll Berserker on Nov 16, 2020.
             Was the Champion of Trog.
             Slain by a skeletal warrior
             ... wielding a +0 war axe
              (11 damage)
             ... in the Vestibule of Hell on Nov 19, 2020.
             The game lasted 06:15:07 (74762 turns).

EWolf27 the Wrestler (Troll Berserker)             Turns: 74762, Time: 06:15:07

Health: -5/244     AC: 25    Str: 34    XL:     24   Next: 38%
Magic:  22/22      EV: 15    Int:  7    God:    Trog [******]
Gold:   462        SH: 33    Dex: 24    Spells: 23/23 levels left

rFire    + . .     SeeInvis +     - Unarmed
rCold    + + .     Faith    .   B - +4 tower shield {AC+3}
rNeg     + + .     Spirit   .   V - quicksilver dragon scales "Lairch" {rN+ MR+ Dex+9}
rPois    .         Reflect  +   E - +0 mask of the Dragon {MR+ Slay+3 SInv}
rElec    +         Harm     .   w - +2 cloak
rCorr    +         Rampage  .   (gloves unavailable)
MR       ++++.     Clarity  +   (boots unavailable)
Stlth    +++.......             H - amulet of reflection
HPRegen  0.90/turn              F - ring "Qomosumn" {rElec rF+ rC++ SInv}
MPRegen  0.18/turn              y - ring "Kaepniuq" {rN+ MR+ rCorr}

@: lethally poisoned (-5 -> -6), studying Shields
A: large, unfitting armour, claws 3, fangs 1, horns 1, thin skeletal structure
1, blink, clarity, regeneration 1, shaggy fur 1, strong 1, tough skin 3,
evolution 1, sturdy frame 1
}: 3/15 runes: decaying, serpentine, silver
a: Blink, Berserk, Trog's Hand, Brothers in Arms, Renounce Religion


You were in the Vestibule of Hell.
You worshipped Trog.
Trog was exalted by your worship.
You visited 11 branches of the dungeon, and saw 46 of its levels.
You visited the Abyss 1 time.
You also visited: Ice Cave.

You collected 7802 gold pieces.
You spent 7340 gold pieces at shops.

Inventory:

Hand Weapons
 a - a +4 eveningstar of electrocution
 b - the +5 demon whip "Spellbinder" {antimagic, MR+}
   (You found it on level 1 of the Depths)

   It reduces the magical energy of the wielder, and disrupts the spells and
   magical abilities of those hit.
   Natural abilities and divine invocations are not affected.
   It affects your resistance to hostile enchantments.
Missiles
 K - 93 large rocks (quivered)
Armour
 s - +5 gold dragon scales
 w - a +2 cloak (worn)
 B - a +4 tower shield of protection (worn)
 E - the +0 mask of the Dragon (worn) {MR+ Slay+3 SInv}
   (You acquired it on level 6 of the Lair of Beasts)

   It affects your accuracy and damage with ranged weapons and melee attacks
   (+3).
   It affects your resistance to hostile enchantments.
   It lets you see invisible.
 V - the quicksilver dragon scales "Lairch" (worn) {rN+ MR+ Dex+9}
   (You found it on level 3 of the Elven Halls)

   It affects your dexterity (+9).
   It protects you from negative energy.
   It affects your resistance to hostile enchantments.
Jewellery
 l - an uncursed ring of poison resistance
 y - the ring "Kaepniuq" (right claw) {rN+ MR+ rCorr}
   (You found it on level 5 of the Vaults)

   [ring of resist corrosion]

   It protects you from negative energy.
   It affects your resistance to hostile enchantments.
   It provides partial protection from all sources of acid and corrosion.
 F - the ring "Qomosumn" (left claw) {rElec rF+ rC++ SInv}
   (You found it on level 5 of the Vaults)

   [ring of protection from fire]

   It protects you from fire.
   It greatly protects you from cold.
   It insulates you from electricity.
   It lets you see invisible.
 H - an amulet of reflection (around neck)
 P - the ring "Kiseosk" {AC+4 Int+2}
   (You bought it in a shop on level 2 of the Orcish Mines)

   [ring of protection]

   It affects your AC (+4).
   It affects your intelligence (+2).
Wands
 d - a wand of iceblast (33)
 q - a wand of acid (65)
 N - a wand of paralysis (23)
 O - a wand of flame (155)
 R - a wand of polymorph (19)
 S - a wand of digging (12)
Scrolls
 g - 15 scrolls of teleportation
 h - 27 scrolls of remove curse
 j - 5 scrolls of identify
 k - 2 scrolls of silence
 o - 10 scrolls of immolation
 u - 12 scrolls of fog
 A - 4 scrolls of magic mapping
 G - 2 scrolls of summoning
 L - 8 scrolls of fear
Potions
 c - 15 potions of curing
 e - 5 potions of lignification
 f - 7 potions of berserk rage
 i - 7 potions of ambrosia
 n - 18 potions of flight
 p - 4 potions of mutation
 r - 14 potions of attraction
 t - 5 potions of haste
 v - 2 potions of invisibility
 x - 3 potions of magic
 z - 5 potions of might
 I - 3 potions of heal wounds
 M - 2 potions of resistance
 Q - a potion of cancellation
Books
 J - a manual of Shields
Miscellaneous
 D - a box of beasts
 U - a condenser vane


   Skills:
 - Level 15.1 Fighting
 - Level 12.5 Maces & Flails
 - Level 14.0 Throwing
 + Level 14.8 Armour
 - Level 6.7 Dodging
 * Level 16.0 Shields
 - Level 22.2 Unarmed Combat
 + Level 12.1 Evocations


You had 23 spell levels left.
You didn't know any spells.
Your spell library was empty.

Dungeon Overview and Level Annotations

Branches:
Dungeon (15/15)            Temple (0/1) D:7            Lair (6/6) D:10
  Swamp (4/4) Lair:3        Snake (4/4) Lair:2        Slime (1/5) Lair:5
    Orc (2/2) D:12            Elf (3/3) Orc:2        Vaults (5/5) D:13
  Crypt (3/3) Vaults:2       Tomb (0/3) Crypt:3      Depths (2/5) D:15
   Hell (1/1)               IceCv (visited)
    Dis: Hell:1         Geh: Hell:1         Coc: Hell:1         Tar: Hell:1

Altars:
Cheibriados
Fedhas
Gozag
Hepliaklqana
Kikubaaqudgha
Makhleb
Nemelex Xobeh
Okawaru
Qazlal
Uskayaw
Wu Jian
Xom
Yredelemnul

Shops:
D:4 }   D:14 }   Orc:2 *[=*!*[**   Elf:1 [   Elf:3 =!=}}?}   Snake:4 *
Vaults:2 :   Vaults:5 (   Depths:2 ?[*(:

Portals:
Hell: Lair:6 Depths:1
Ziggurat: Depths:1

Annotations:
Lair:2 3 runed translucent doors, anything's ghost, journeyman FoHu
Crypt:2 1 runed translucent door, Poozi's ghost, veteran MiBe
Hell Geryon


Innate Abilities, Weirdness & Mutations

You are too large for most types of armour.
You have claws for hands.
Your natural rate of healing is unusually fast.
You are covered in fur. (AC +1)
You have extremely tough skin. (AC +3)
You have very sharp teeth.
You have a pair of small horns on your head.
You have a somewhat thin skeletal structure. (Dex +2, Stealth)
You can translocate small distances at will.
You possess an exceptional clarity of mind.
Your muscles are strong. (Str +2)
You evolve.
Your movements are slightly less encumbered by armour. (ER -2)


Message History

The soul eater draws from the surrounding life force!
The skeletal warrior hits you but does no damage.
The hell beast closely misses you. The hell beast barely misses you.
You feel much better. You block the hell beast's attack. x2
You block the hell hound's attack. You block Geryon's attack.
The soul eater draws from the surrounding life force!
* * * LOW HITPOINT WARNING * * *
The soul eater is healed.
The hell beast bites you!
* * * LOW HITPOINT WARNING * * *
The hell beast tramples you!
* * * LOW HITPOINT WARNING * * *
You hold your ground!
The skeletal warrior hits you from afar with a +1 glaive of freezing.
* * * LOW HITPOINT WARNING * * *
The skeletal warrior hits you but does no damage.
The hell hound breathes flames at you. The blast of flame hits you! You resist.
* * * LOW HITPOINT WARNING * * *
The skeletal warrior hits you with a +0 war axe!
You die...

.................r.......
..............2...h......
..............#..3..4....
.^...(......r.2..........
§.≈...(...r4..#..§.......
§≈......zr3.#4#.#........
≈.≈....4zz4..## .z.......
§≈....zzz#4### ###.#.....
≈.....zz@32..###.........
.......h32z.#.#.#........
○.......22&.zz#..z.Z.....
.....E....3.......2......
°.°○☼.........#..§.......
.........................
.........................
........................
................


You could see Geryon, 4 hell beasts, a balrug, 11 skeletal warriors, 2 soul
eaters, 2 sun demons, 4 ice devils, a fire elemental, a hell hound (catching
breath) and 3 hell rats.

Vanquished Creatures
  Bai Suzhen (Vaults:4)
  A golden dragon (Vaults:5)
  Nikola (Swamp:1)
  Jory (Crypt:3)
  2 tentacled monstrosities
  A lich (Vaults:2)
  Rupert (Lair:3)
  5 deep elf blademasters
  4 titans
  3 deep elf master archers (Elf:3)
  An acid blob (Slime:1)
  2 sphinxes (Vaults:5)
  9 tengu reavers
  2 ancient champions
  Frances (Snake:1)
  The ghost of Womp the Peltast, an adept HuWn of Kikubaaqudgha (Snake:1)
  Kirke (Lair:3)
  3 storm dragons
  Roxanne (Snake:4)
  3 revenants
  A fenstrider witch (Swamp:4)
  6 shadow dragons
  A daeva (Abyss:2)
  11 nagarajas
  3 iron dragons (Vaults:5)
  Aizul (Elf:2)
  4 frost giants
  13 vault wardens
  A fire giant (Vaults:5)
  3 curse skulls
  4 deep elf elementalists
  8 deep elf sorcerers
  10 ghouls
  10 ironheart preservers
  A reaper (Hell)
  15 stone giants
  18 vampire knights
  The ghost of stillor the Fencer, a journeyman MiFi of the Shining One (Lair:5)
  A war gargoyle (Vaults:4)
  2 deep elf demonologists
  6 deep elf annihilators
  5 bunyips
  3 eidola
  4 eleionomae
  8 deep elf high priests
  10 deep elf death magi
  13 ettins
  4 fire dragons
  Josephine (Orc:2)
  14 yaktaur captains
  3 shambling mangroves
  28 vault guards
  3 great orbs of eyes
  22 naga warriors
  10 jiangshi
  10 ogre magi
  A rakshasa (Vaults:2)
  2 ice dragons (Vaults:2)
  26 hydras
  Erica (D:11)
  2 boulder beetles
  3 death knights
  2 ghost crabs
  10 centaur warriors
  29 dancing weapons
  An alligator (shapeshifter) (Vaults:4)
  16 anacondas
  A large abomination (Vaults:5)
  35 two-headed ogres
  4 deep troll shamans
  13 vampire magi
  5 alligators
  8 death yaks
  5 deep troll earth magi
  An orc high priest (Elf:1)
  11 naga sharpshooters
  5 tengu warriors
  A titan zombie (Crypt:1)
  8 shock serpents
  4 hell knights (Depths:1)
  15 deep elf knights
  A goliath frog (shapeshifter) (Vaults:3)
  2 sun demons (Hell)
  A titan skeleton (Crypt:3)
  21 spriggans
  3 salamander mystics
  5 storm dragon zombies
  Urug (Lair:1)
  4 goliath frogs
  2 soul eaters (Crypt:2)
  4 shadow wraiths
  A sixfirhy (Lair:6)
  15 skeletal warriors
  4 wizards
  6 golden dragon zombies (Crypt:3)
  An unseen horror (shapeshifter) (Elf:1)
  2 anaconda zombies (Crypt:3)
  9 spriggan druids
  11 swamp dragons
  A storm dragon skeleton (Crypt:2)
  3 unseen horrors
  2 glowing orange brains
  15 deep trolls
  6 flayed ghosts
  8 bog bodies
  An entropy weaver zombie (Crypt:3)
  24 deep elf archers
  A deep troll (shapeshifter) (Depths:2)
  4 naga ritualists
  14 phantasmal warriors
  18 ironbrand convokers
  9 harpies
  A sphinx zombie (D:15)
  29 salamanders
  Pikel (D:7)
  8 necromancers
  A sphinx skeleton (Crypt:2)
  2 orc sorcerers (Orc:1)
  8 cyclopes
  61 deep elf magi
  12 orc knights
  2 frost giant zombies
  A mana viper (shapeshifter) (Vaults:5)
  A will-o-the-wisp (Swamp:1)
  A fire giant zombie (Crypt:3)
  8 mana vipers
  3 wolf spiders
  2 stone giant zombies (Crypt:1)
  14 ugly things
  2 manticores
  A shining eye (Slime:1)
  An eleionoma zombie (Crypt:3)
  An iron dragon zombie (D:15)
  Maurice (D:8)
  31 black mambas
  3 torpor snails
  An eye of devastation (shapeshifter) (Vaults:5)
  22 guardian serpents
  9 elephants
  A shock serpent zombie (Crypt:3)
  A fire giant skeleton (Crypt:1)
  A rust devil (Hell)
  An ice statue (IceCv)
  An orange demon (Lair:6)
  33 naga magi
  2 stone giant skeletons (Crypt:1)
  A guardian serpent (shapeshifter) (Vaults:4)
  7 centaur zombies
  A frost giant skeleton (Crypt:2)
  A titan simulacrum (Crypt:2)
  16 vault sentinels
  5 spectral swamp worms (Depths:1)
  10 cane toads
  6 freezing wraiths
  A yaktaur zombie (D:15)
  A kobold demonologist (D:13)
  A redback zombie (Crypt:2)
  8 rime drakes
  A yaktaur (shapeshifter) (Vaults:3)
  12 yaktaurs
  9 komodo dragons
  A hellwing (Lair:6)
  2 red devils (Lair:6)
  2 ice devils (Lair:6)
  A green draconian skeleton (Crypt:1)
  A hydra zombie (Crypt:3)
  A troll (shapeshifter) (Vaults:2)
  8 tyrant leeches
  16 polar bears
  11 trolls
  Grinder (D:4)
  2 meliai zombies
  27 hornets
  10 slime creatures
  A spriggan zombie (D:15)
  9 blink frogs
  An alligator zombie (Crypt:1)
  A dream sheep (Lair:6)
  A hydra skeleton (Crypt:1)
  A jumping spider zombie (Crypt:3)
  A death drake skeleton (Crypt:1)
  An ettin skeleton (Crypt:3)
  A fire giant simulacrum (Crypt:1)
  5 wyverns
  3 flying skulls (Crypt:2)
  18 vampires
  4 hogs (Lair:3)
  A water elemental (Elf:1)
  6 wraiths
  2 air elementals
  A spriggan (shapeshifter) (Vaults:1)
  2 small abominations
  2 fire elementals
  A steam dragon (Lair:5)
  2 yaks (shapeshifter)
  84 yaks
  A black mamba skeleton (Crypt:1)
  A wind drake skeleton (Crypt:1)
  5 basilisks
  17 vampire mosquitoes
  71 nagas
  A warg (shapeshifter) (Vaults:3)
  A soldier ant (D:12)
  17 swamp worms
  A warg (Vaults:2)
  2 acid dragons
  9 water moccasins
  4 hell hounds (Lair:6)
  A meliai simulacrum (D:11)
  33 orc warriors
  5 sky beasts
  2 black bears
  A boulder beetle simulacrum (Vaults:1)
  A faun skeleton (Crypt:2)
  12 ice beasts
  11 swamp drakes
  46 ogres
  A manticore zombie (Crypt:2)
  7 necrophages
  An eye of draining (D:9)
  18 centaurs
  A snapping turtle zombie (Crypt:2)
  A phantom (D:6)
  29 wolves
  A snapping turtle skeleton (Crypt:1)
  A torpor snail zombie (Crypt:2)
  4 lemures (D:7)
  A big kobold (D:11)
  23 bullfrogs
  5 earth elementals
  A cyclops zombie (Crypt:3)
  A glowing shapeshifter simulacrum (Vaults:1)
  A cyclops skeleton (Crypt:1)
  5 scorpions
  A hornet simulacrum (D:11)
  5 killer bees (D:11)
  A killer bee (shapeshifter) (Vaults:5)
  13 wights
  9 howler monkeys
  A spriggan skeleton (Crypt:3)
  A vampire bat (Orc:1)
  2 electric eels
  A bullfrog zombie (D:13)
  2 quasits
  A human zombie (Crypt:3)
  7 centaur skeletons
  14 hounds
  A wyvern simulacrum (D:11)
  2 bullfrog skeletons
  2 jellies
  16 orc priests
  14 orc wizards
  2 iguanas
  Ijyb (D:3)
  Natasha (thrice) (D:4)
  12 worker ants
  A polar bear simulacrum (Lair:6)
  2 yak simulacra (Lair:6)
  A killer bee zombie (D:9)
  A dwarf zombie (Crypt:1)
  3 wolf simulacra (Lair:6)
  2 ogre zombies (Crypt:3)
  An acid dragon zombie (Crypt:1)
  A hound zombie (D:5)
  3 hound skeletons
  A howler monkey zombie (D:8)
  A worker ant zombie (D:10)
  15 gnolls
  2 howler monkey skeletons
  11 adders
  A naga simulacrum (Crypt:1)
  2 shadow imps
  5 white imps
  An ufetubus (D:10)
  4 oozes
  An adder zombie (D:8)
  A halfling zombie (Crypt:2)
  2 adder skeletons
  4 worms
  3 dart slugs
  6 leopard geckos
  57 orcs
  4 giant cockroaches
  9 goblins
  5 hobgoblins
  5 jackals
  11 kobolds
  3 quokkas
  3 ball pythons
  A ball python zombie (Crypt:2)
  13 bats
  3 frilled lizards
  A gnoll skeleton (Crypt:1)
  A hobgoblin zombie (Crypt:3)
  A jackal skeleton (D:8)
  A jackal zombie (D:5)
  A leopard gecko zombie (D:5)
  A quokka skeleton (D:4)
  A quokka zombie (D:7)
  9 rats
  A rat zombie (Crypt:3)
  5 river rat simulacra (Lair:6)
  4 crawling corpses
1957 creatures vanquished.

Vanquished Creatures (collateral kills)
  A nagaraja (Snake:2)
  A hydra (Lair:1)
  An anaconda (Snake:2)
  The ghost of TheWayOfAllFlesh the Cruncher, a novice DsGl of Qazlal (D:11)
  2 tengu warriors (D:13)
  A shock serpent (Snake:4)
  A goliath frog (Swamp:1)
  2 spriggans
  A deep troll (Vaults:4)
  A deep elf archer (Vaults:4)
  A harpy (Vaults:1)
  An oklob plant (D:13)
  A deep elf mage (Vaults:4)
  A black mamba (Snake:2)
  A naga mage (Snake:2)
  3 yaktaurs (Vaults:4)
  A troll (Vaults:4)
  2 hornets
  3 slime creatures (D:14)
  2 wraiths (Orc:2)
  A basilisk (Lair:1)
  5 yaks (Lair:1)
  A vampire mosquito (Lair:3)
  A swamp worm (Swamp:1)
  4 nagas
  2 orc warriors (D:15)
  An ice beast (D:11)
  An ogre (Vaults:1)
  2 bullfrogs (Lair:1)
  A white imp (D:11)
  4 orcs
  A crawling corpse (Elf:3)
52 creatures vanquished.

Vanquished Creatures (others)
  A deep elf demonologist (Vaults:1)
  A goliath frog (Swamp:2)
  2 deep elf knights
  A spriggan druid (Swamp:1)
  An ironbrand convoker (Vaults:5)
  2 naga magi (Snake:4)
  2 bloated husks
  A polar bear (IceCv)
  A naga (Snake:4)
  A wolf (IceCv)
  A hound zombie (Crypt:3)
  18 fungi
  16 plants
  2 withered plants (D:15)
50 creatures vanquished.

Grand Total: 2059 creatures vanquished

Notes
Turn   | Place    | Note
-------+----------+-------------------------------------------
     0 | D:1      | EWolf27 the Troll Berserker began the quest for the Orb.
     0 | D:1      | Reached XP level 1. HP: 22/22 MP: 0/0
    98 | D:1      | Reached XP level 2. HP: 24/29 MP: 1/1
   261 | D:1      | Reached XP level 3. HP: 36/36 MP: 2/2
   352 | D:1      | Reached ** piety under Trog
  1155 | D:3      | Reached XP level 4. HP: 37/45 MP: 3/3
  1228 | D:4      | Reached skill level 4 in Unarmed Combat
  1236 | D:4      | Noticed an ogre
  1237 | D:4      | Noticed Natasha
  1338 | D:3      | Found a stormy altar of Qazlal.
  1477 | D:3      | Found an iron altar of Okawaru.
  1479 | D:3      | Found a hide-covered altar of Uskayaw.
  1499 | D:3      | Reached XP level 5. HP: 33/53 MP: 4/4
  1648 | D:3      | Noticed Ijyb
  1658 | D:3      | Killed Ijyb
  2266 | D:4      | Killed Natasha
  2269 | D:4      | Reached XP level 6. HP: 62/62 MP: 5/5
  2277 | D:4      | Reached *** piety under Trog
  2279 | D:4      | Noticed Natasha
  2286 | D:4      | Killed Natasha
  2482 | D:4      | Noticed Natasha
  2489 | D:4      | Killed Natasha
  2496 | D:4      | Reached skill level 5 in Unarmed Combat
  2571 | D:4      | Found Yleq's Gadget Boutique.
  2648 | D:4      | Noticed Grinder
  2662 | D:4      | Paralysed by Grinder for 7 turns
  2675 | D:4      | Paralysed by Grinder for 3 turns
  2683 | D:4      | Killed Grinder
  2684 | D:4      | Reached XP level 7. HP: 68/71 MP: 6/6
  2784 | D:5      | Entered Level 5 of the Dungeon
  3444 | D:5      | Reached skill level 5 in Fighting
  3444 | D:5      | Reached skill level 5 in Dodging
  3444 | D:5      | Reached skill level 6 in Unarmed Combat
  3503 | D:5      | Reached XP level 8. HP: 73/80 MP: 7/7
  4602 | D:5      | Found a sparkling altar of Nemelex Xobeh.
  4940 | D:6      | Reached skill level 7 in Unarmed Combat
  5213 | D:6      | Found an opulent altar of Gozag.
  5864 | D:7      | Reached skill level 8 in Unarmed Combat
  5875 | D:7      | Reached XP level 9. HP: 86/92 MP: 8/8
  5921 | D:7      | Reached skill level 1 in Shields
  5937 | D:7      | Reached **** piety under Trog
  6023 | D:7      | Noticed Pikel
  6121 | D:7      | Found a snail-covered altar of Cheibriados.
  6156 | D:7      | Killed Pikel
  6278 | D:7      | Found a staircase to the Ecumenical Temple.
  6693 | D:8      | Noticed Maurice
  6716 | D:8      | Reached skill level 1 in Maces & Flails
  6839 | D:8      | Noticed a two-headed ogre
  6853 | D:8      | Killed a two-headed ogre
  6854 | D:8      | Reached skill level 9 in Unarmed Combat
  6864 | D:8      | Upgraded the game from 0.26-a0-833-g7262b39652 to
                  | 0.26-a0-835-g8259106e14
  7028 | D:8      | Reached skill level 5 in Shields
  7028 | D:8      | Reached XP level 10. HP: 98/102 MP: 9/9
  7187 | D:8      | Killed Maurice
  7767 | D:10     | Entered Level 10 of the Dungeon
  8055 | D:9      | Reached ***** piety under Trog
  8135 | D:9      | Noticed a two-headed ogre
  8146 | D:9      | Killed a two-headed ogre
  8345 | D:9      | Reached skill level 10 in Unarmed Combat
  8458 | D:9      | Noticed a manticore
  8473 | D:9      | Killed a manticore
  8559 | D:9      | Reached XP level 11. HP: 109/109 MP: 8/10
  9458 | D:10     | Found a staircase to the Lair.
  9530 | D:10     | Reached skill level 5 in Maces & Flails
  9855 | D:10     | Noticed a five-headed hydra
  9861 | D:10     | Noticed a green ugly thing
 10265 | D:10     | Killed a green ugly thing
 10477 | D:10     | Killed an unseen horror
 11856 | D:11     | Noticed Erica
 11904 | D:11     | Killed Erica
 12453 | D:11     | Reached skill level 11 in Unarmed Combat
 12531 | D:11     | Found a runed translucent gate.
 12532 | D:11     | Found a runed translucent gate.
 12533 | D:11     | Found a runed translucent gate.
 12587 | D:11     | Noticed TheWayOfAllFlesh's ghost (novice DsGl)
 12593 | D:11     | Killed TheWayOfAllFlesh's ghost
 12605 | D:11     | Got the ring of Divine Compulsion {Fire}
 13188 | D:12     | Reached XP level 12. HP: 106/118 MP: 11/11
 13243 | D:12     | Noticed a two-headed ogre
 13251 | D:12     | Killed a two-headed ogre
 13455 | D:12     | Found a staircase to the Orcish Mines.
 13539 | D:12     | Received a gift from Trog
 13560 | D:12     | Identified a scroll of acquirement
 13560 | D:12     | Acquired the +4 robe of Augmentation {Str+4 Int+4 Dex+4}
 13561 | D:12     | Found the +4 robe of Augmentation {Str+4 Int+4 Dex+4}
 13838 | D:12     | Reached skill level 10 in Shields
 14245 | D:13     | Found a blossoming altar of Fedhas.
 14431 | D:13     | Found a hazy altar of Hepliaklqana.
 14510 | D:13     | Noticed a tengu warrior
 14511 | D:13     | Noticed a tengu warrior
 14693 | D:13     | Killed a tengu warrior
 14700 | D:13     | Killed a tengu warrior
 15197 | D:13     | Found a gate to the Vaults.
 15197 | D:13     | Noticed a vault guard
 15197 | D:13     | Noticed a vault guard
 15197 | D:13     | Noticed a vault guard
 15197 | D:13     | Noticed a vault guard
 15197 | D:13     | Noticed a two-headed ogre
 15231 | D:12     | Killed a two-headed ogre
 15299 | D:12     | Killed a vault guard
 15324 | D:12     | Killed a vault guard
 15381 | D:13     | Reached skill level 12 in Unarmed Combat
 15386 | D:13     | Killed a vault guard
 15414 | D:13     | Killed a vault guard
 16022 | D:14     | Noticed a centaur warrior
 16026 | D:14     | Killed a centaur warrior
 16027 | D:14     | Reached XP level 13. HP: 127/127 MP: 12/12
 16309 | D:14     | Found Sitoyc's Gadget Shoppe.
 16616 | D:15     | Entered Level 15 of the Dungeon
 17276 | D:15     | Reached skill level 1 in Throwing
 17560 | D:15     | Found a staircase to the Depths.
 18063 | D:15     | Received a gift from Trog
 18575 | D:15     | Reached skill level 13 in Unarmed Combat
 19083 | Lair:1   | Entered Level 1 of the Lair of Beasts
 20035 | Lair:1   | Reached XP level 14. HP: 136/136 MP: 13/13
 20168 | Lair:1   | Noticed Urug
 20193 | Lair:1   | Killed Urug
 21002 | Lair:2   | Found a runed translucent gate.
 21002 | Lair:2   | Found a runed translucent gate.
 21002 | Lair:2   | Found a runed translucent gate.
 21105 | Lair:2   | Found a staircase to the Snake Pit.
 21239 | Snake:1  | Entered Level 1 of the Snake Pit
 22042 | Lair:2   | Noticed anything's ghost (journeyman FoHu)
 22647 | Lair:3   | Noticed Rupert
 22686 | Lair:3   | Reached skill level 5 in Throwing
 23852 | Lair:3   | Found a staircase to the Swamp.
 24172 | Lair:3   | Paralysed by Rupert for 7 turns
 24192 | Lair:3   | Killed Rupert
 24939 | Lair:4   | Received a gift from Trog
 26276 | Lair:4   | Reached skill level 14 in Unarmed Combat
 26856 | Lair:5   | Found a staircase to the Slime Pits.
 27180 | Lair:5   | Upgraded the game from 0.26-a0-835-g8259106e14 to
                  | 0.26-a0-837-g5a8a614f01
 27716 | Lair:5   | Found a runed translucent gate.
 27716 | Lair:5   | Found a runed translucent gate.
 27716 | Lair:5   | Found a runed translucent gate.
 27720 | Lair:5   | Noticed stillor's ghost (journeyman MiFi)
 27777 | Lair:5   | Killed stillor's ghost
 27906 | Lair:6   | Entered Level 6 of the Lair of Beasts
 28056 | Lair:5   | Reached XP level 15. HP: 143/143 MP: 14/14
 28341 | Lair:6   | Acquired the +0 mask of the Dragon {MR+ Slay+3 SInv}
 28342 | Lair:6   | Found the +0 mask of the Dragon {MR+ Slay+3 SInv}
 29500 | Lair:6   | Found a burning altar of Makhleb.
 29618 | Lair:6   | Found a gateway to Hell.
 30076 | Orc:1    | Entered Level 1 of the Orcish Mines
 30260 | Orc:2    | Entered Level 2 of the Orcish Mines
 30260 | Orc:2    | Found Xuwijargh's Antique Armour Emporium.
 30260 | Orc:2    | Found Exam's Assorted Antiques.
 30263 | Orc:2    | Found Duqugoili's Assorted Antiques.
 30314 | Orc:2    | Bought a scroll labelled OWEING SODDAKH for 18 gold pieces
 30314 | Orc:2    | Bought a twitching bone ring for 90 gold pieces
 30314 | Orc:2    | Bought a dented emerald amulet for 90 gold pieces
 30314 | Orc:2    | Bought a potion of heal wounds for 90 gold pieces
 30314 | Orc:2    | Identified the ring "Kiseosk" {AC+4 Int+2} (You bought it
                  | in a shop on level 2 of the Orcish Mines)
 30330 | Orc:2    | Found a frozen archway.
 30399 | IceCv    | Entered an ice cave
 30986 | IceCv    | Reached skill level 15 in Shields
 31235 | IceCv    | Received a gift from Trog
 31320 | IceCv    | Noticed a frost giant
 31345 | IceCv    | Killed a frost giant
 31346 | IceCv    | Reached skill level 15 in Unarmed Combat
 31557 | Orc:2    | Upgraded the game from 0.26-a0-837-g5a8a614f01 to
                  | 0.26-a0-845-gfacbca91cf
 31591 | Orc:2    | Found a staircase to the Elven Halls.
 31662 | Orc:2    | Found Fabifel's Assorted Antiques.
 31789 | Orc:2    | Found Jecaf's General Store.
 32766 | Orc:2    | Found Xochaesu's Armour Boutique.
 32766 | Orc:2    | Found Biut's General Store.
 32766 | Orc:2    | Found Edghinlo's Jewellery Emporium.
 32766 | Orc:2    | Found Wasin's Distillery.
 32875 | Orc:2    | Bought a scroll of identify for 30 gold pieces
 32920 | Orc:1    | Noticed Josephine
 32927 | Orc:2    | Received a gift from Trog
 32928 | Orc:2    | Killed Josephine
 33093 | Orc:1    | Reached XP level 16. HP: 126/153 MP: 15/15
 33653 | Orc:2    | Bought a potion of resistance for 180 gold pieces
 33653 | Orc:2    | Bought 3 scrolls of teleportation for 162 gold pieces
 33653 | Orc:2    | Bought a potion of curing for 54 gold pieces
 33889 | Swamp:1  | Entered Level 1 of the Swamp
 33889 | Swamp:1  | Noticed Kirke
 33903 | Swamp:1  | Noticed Nikola
 34734 | Lair:3   | Reached skill level 1 in Evocations
 34837 | Lair:3   | Killed Kirke
 34888 | Lair:3   | Found a staircase to the Swamp.
 35961 | Snake:1  | Reached skill level 16 in Unarmed Combat
 36616 | Snake:1  | Received a gift from Trog
 37065 | Snake:1  | Noticed Frances
 37073 | Snake:1  | Killed Frances
 37171 | Snake:1  | Found a large runed translucent door.
 37171 | Snake:1  | Found a large runed translucent door.
 37178 | Snake:1  | Noticed Womp's ghost (adept HuWn)
 37195 | Snake:1  | Killed Womp's ghost
 38511 | Snake:2  | You fall into a shaft and drop 1 floor!
 38656 | Snake:2  | Received a gift from Trog
 38657 | Snake:2  | Reached skill level 10 in Fighting
 39863 | Snake:2  | Reached skill level 5 in Evocations
 39995 | Snake:2  | Reached XP level 17. HP: 151/167 MP: 16/16
 40583 | Snake:3  | Received a gift from Trog
 40734 | Snake:3  | Reached skill level 17 in Unarmed Combat
 41730 | Snake:4  | Entered Level 4 of the Snake Pit
 41737 | Snake:4  | Found Lureapru's General Store.
 41740 | Snake:4  | Bought a scroll of acquirement for 884 gold pieces
 41740 | Snake:4  | Bought a scroll of teleportation for 51 gold pieces
 41740 | Snake:4  | Acquired 888 gold pieces
 42751 | Snake:4  | Reached ****** piety under Trog
 42767 | Snake:4  | Received a gift from Trog
 44632 | Snake:4  | Received a gift from Trog
 44637 | Snake:4  | Reached XP level 18. HP: 178/182 MP: 17/17
 44726 | Snake:4  | Reached skill level 18 in Unarmed Combat
 44984 | Snake:4  | Got a serpentine rune of Zot
 45049 | Snake:4  | Noticed Roxanne
 45211 | Snake:4  | Killed Roxanne
 46399 | Slime:1  | Entered Level 1 of the Pits of Slime
 46400 | Slime:1  | Gained mutation: You are frail. (-10% HP) [a shining eye]
 46626 | Lair:4   | Lost mutation: You are frail. (-10% HP) [potion of
                  | mutation]
 46626 | Lair:4   | Gained mutation: You evolve. [potion of mutation]
 46626 | Lair:4   | Gained mutation: Your movements are slightly less
                  | encumbered by armour. (ER -2) [potion of mutation]
 46626 | Lair:4   | Gained mutation: You possess an exceptional clarity of
                  | mind. [potion of mutation]
 46626 | Lair:4   | Gained mutation: You have a pair of small horns on your
                  | head. [potion of mutation]
 46876 | Vaults:1 | Entered Level 1 of the Vaults
 48037 | Vaults:1 | Received a gift from Trog
 49107 | Vaults:2 | Found Yrof's Book Shoppe.
 49740 | Vaults:2 | Reached XP level 19. HP: 192/192 MP: 18/18
 50033 | Vaults:2 | Found a staircase to the Crypt.
 50033 | Vaults:2 | Found a basalt altar of Yredelemnul.
 50033 | Vaults:2 | Found an ancient bone altar of Kikubaaqudgha.
 50199 | Vaults:2 | Reached skill level 19 in Unarmed Combat
 50597 | Vaults:2 | Noticed a lich
 50603 | Vaults:2 | Killed a lich
 50739 | Vaults:3 | Found an ornate altar of the Wu Jian Council.
 50853 | Vaults:3 | Received a gift from Trog
 51137 | Vaults:3 | Gained mutation: You have very sharp teeth. [evolution]
 51237 | Vaults:3 | Reached skill level 10 in Evocations
 52905 | Vaults:4 | Received a gift from Trog
 53779 | Vaults:4 | Reached XP level 20. HP: 205/206 MP: 19/19
 53871 | Vaults:4 | Noticed Bai Suzhen
 53902 | Vaults:4 | Killed Bai Suzhen
 53920 | Vaults:4 | Received a gift from Trog
 54365 | Vaults:4 | Reached skill level 20 in Unarmed Combat
 54633 | Vaults:4 | Gained mutation: You can translocate small distances at
                  | will. [evolution]
 54952 | Elf:1    | Entered Level 1 of the Elven Halls
 55383 | Elf:1    | Found Girenloo's Antique Armour Emporium.
 55458 | Elf:1    | Received a gift from Trog
 55479 | Elf:1    | Identified Zutighiu's Handbook of Combat Magic
 56258 | Elf:2    | Found a runed translucent gate.
 56258 | Elf:2    | Found a runed translucent gate.
 56273 | Elf:2    | Found a runed translucent gate.
 56453 | Elf:2    | Noticed Aizul
 56468 | Elf:2    | Killed Aizul
 56714 | Elf:2    | Received a gift from Trog
 57218 | Elf:3    | Entered Level 3 of the Elven Halls
 57300 | Elf:3    | Found Pikir's Gadget Boutique.
 57301 | Elf:3    | Found Reow Fahutu's Jewellery Emporium.
 57303 | Elf:3    | Found Maolis's Gadget Boutique.
 57444 | Elf:3    | Found Duqyghos's Distillery.
 57475 | Elf:3    | Bought a potion of heal wounds for 80 gold pieces
 57475 | Elf:3    | Bought a potion of heal wounds for 80 gold pieces
 57475 | Elf:3    | Bought a potion of heal wounds for 80 gold pieces
 57580 | Elf:3    | Found Ybaddaer's Magic Scroll Boutique.
 57603 | Elf:3    | Bought a scroll of acquirement for 520 gold pieces
 57603 | Elf:3    | Bought a scroll of blinking for 75 gold pieces
 57603 | Elf:3    | Acquired a manual of Throwing
 57839 | Elf:3    | Found Qaeras's Jewellery Shop.
 57935 | Elf:3    | Found Morph's Gadget Shoppe.
 57992 | Elf:3    | Reached skill level 15 in Fighting
 58372 | Elf:3    | Received a gift from Trog
 58616 | Elf:3    | Identified the +7 lajatang "Sihun" {pain, rPois MR+}
 58619 | Elf:3    | Reached XP level 21. HP: 183/218 MP: 20/20
 58947 | Elf:3    | Cast into level 2 of the Abyss (a deep elf sorcerer)
 59001 | Elf:3    | Escaped the Abyss
 59018 | Elf:3    | Reached skill level 21 in Unarmed Combat
 59035 | Elf:3    | Reached skill level 10 in Throwing
 59044 | Elf:3    | Received a gift from Trog
 59045 | Elf:3    | Found the +7 lajatang of Order {silver, rMut}
 59439 | Elf:3    | Identified the +8 spear of the Wheel {vamp, +Blink}
 59578 | Elf:3    | Identified the cursed quicksilver dragon scales "Lairch"
                  | {rN+ MR+ Dex+9} (You found it on level 3 of the Elven
                  | Halls)
 60515 | Swamp:1  | Killed Nikola
 62013 | Swamp:2  | Reached skill level 22 in Unarmed Combat
 62776 | Swamp:3  | Received a gift from Trog
 63040 | Swamp:4  | Entered Level 4 of the Swamp
 63571 | Swamp:3  | Reached skill level 1 in Armour
 64055 | Swamp:4  | Got a decaying rune of Zot
 64212 | Swamp:4  | Received a gift from Trog
 64369 | Swamp:4  | Reached XP level 22. HP: 227/227 MP: 21/21
 64725 | Vaults:2 | Bought a manual of Armour for 2428 gold pieces
 64827 | Vaults:5 | Entered Level 5 of the Vaults
 64836 | Vaults:5 | Reached skill level 5 in Armour
 64836 | Vaults:5 | HP: 10/227 [/exploding inner flame (28)]
 66097 | Vaults:5 | Received a gift from Trog
 66588 | Vaults:5 | Reached skill level 10 in Armour
 67202 | Vaults:5 | Got a smoking pewter ring
 67203 | Vaults:5 | Identified the ring "Kaepniuq" {rN+ MR+ rCorr} (You found
                  | it on level 5 of the Vaults)
 67229 | Vaults:5 | Identified the Reference Book on Hexes and Displacement
 67297 | Vaults:5 | Noticed a golden dragon
 67318 | Vaults:5 | Killed a golden dragon
 67523 | Vaults:5 | Received a gift from Trog
 67800 | Vaults:5 | Reached XP level 23. HP: 235/235 MP: 22/22
 67917 | Vaults:5 | Identified the +9 swamp dragon scales of Day {rPois Int+3
                  | Stlth-} (You found it on level 5 of the Vaults)
 67973 | Vaults:5 | Found Louvop's Antique Weapon Emporium.
 67984 | Vaults:5 | Got a coiled brass ring
 67985 | Vaults:5 | Identified the ring "Qomosumn" {rElec rF+ rC++ SInv} (You
                  | found it on level 5 of the Vaults)
 68448 | Vaults:5 | Got a heavily runed amber ring
 68475 | Vaults:5 | Got a silver rune of Zot
 68476 | Vaults:5 | Identified the ring of Hamm {*Tele *Corrode rN+ Str+5
                  | Slay+2} (You found it on level 5 of the Vaults)
 68817 | Crypt:1  | Entered Level 1 of the Crypt
 69379 | Crypt:1  | Gained mutation: Your muscles are strong. (Str +2)
                  | [evolution]
 69737 | Crypt:1  | Reached skill level 10 in Maces & Flails
 69904 | Crypt:1  | Received a gift from Trog
 70766 | Crypt:2  | Found a runed translucent door.
 70766 | Crypt:2  | Found a shimmering altar of Xom.
 70766 | Crypt:2  | Noticed Poozi's ghost (veteran MiBe)
 71320 | Crypt:3  | Entered Level 3 of the Crypt
 71320 | Crypt:3  | Found a staircase to the Tomb.
 72003 | Crypt:3  | Received a gift from Trog
 72296 | Crypt:3  | Reached XP level 24. HP: 138/244 MP: 22/22
 72462 | Crypt:3  | Received a gift from Trog
 72660 | Crypt:3  | Noticed Jory
 72671 | Crypt:3  | Killed Jory
 72702 | Crypt:3  | Identified Kabifoff's Catalogue of Unholy Rituals
 72967 | Crypt:3  | Gained mutation: You have a somewhat thin skeletal
                  | structure. (Dex +2, Stealth) [evolution]
 73485 | Vaults:2 | Bought a manual of Shields for 2428 gold pieces
 73705 | Depths:1 | Entered Level 1 of the Depths
 73982 | Depths:1 | Found the +5 demon whip "Spellbinder" {antimagic, MR+}
 74442 | Depths:1 | Found a gateway to a ziggurat.
 74594 | Depths:2 | Found Guehuhat's Armour Shoppe.
 74598 | Depths:2 | Found Ehoucw's Antique Weapon Emporium.
 74598 | Depths:2 | Found Ogeuck's General Store.
 74603 | Depths:2 | Found Leawicic's Book Emporium.
 74649 | Depths:2 | Found Don Ymuc's Magic Scroll Shoppe.
 74684 | Hell     | Entered the Vestibule of Hell
 74686 | Hell     | Received a gift from Trog
 74699 | Hell     | Noticed Geryon
 74760 | Hell     | HP: 10/244 [balrug/divine providence (13)]
 74762 | Hell     | Slain by a skeletal warrior

Illustrated notes

Levels and vault maps discovered:
D:1:      roderic_chinese_lattice_arrival, layout_rooms
D:2:      layout_basic
D:3:      layout_rooms, grunt_qazlal_sundering, grunt_temple_overflow_open,
          minmay_misc_feat_nine_boxes, uniq_ijyb
D:4:      layout_basic, serial_shops, kennysheep_mini, uniq_natasha,
          uniq_grinder
D:5:      layout_basic, nemelex_spade_bored_becter
D:6:      layout_basic, grunt_gozag_breadcrumbs, grunt_ministairs_1
D:7:      layout_rooms, temple_doors_e, cheibriados_altar_1, uniq_pikel
D:8:      layout_rooms, uniq_maurice
D:9:      minmay_the_grid_octo_tiled_octocenter [minmay_the_grid_octo_odd_swirl,
          minmay_the_grid_octo_chip, minmay_the_grid_octo_fat_diamond,
          minmay_the_grid_octo_clover_2, minmay_the_grid_octo_prize_star,
          minmay_the_grid_square_5x5_half_checkered,
          minmay_the_grid_square_5x5_plus, minmay_the_grid_square_5x5_detours,
          minmay_the_grid_square_5x5_forky], layout_basic
D:10:     minmay_ornate_pinched, layout_layer_cave, serial_ice, serial_ice_e,
          serial_ice_k, serial_ice_c, serial_ice_f, minmay_orc_keep
D:11:     layout_cave_pools, gammafunk_ghost_icy, uniq_erica
D:12:     layout_basic, david_orc_1_choice, kennysheep_dice
D:13:     layout_grid_maze, lightli_vaults_fourway_checkpoint, basic_altar,
          statue_in_the_mist_lemuel, lemuel_oklob_altar
D:14:     layout_loops_ring, serial_shops, shop, chequers_avenue
D:15:     gammafunk_depths_entry_grave, layout_grid_maze, minmay_misc_feat_five
Lair:1:   layout_cave_shapes, chequers_serial_rivers_room_a, st_stairs_8,
          eino_small_chamber_without_monster, minmay_stone_trees_small,
          uniq_urug
Lair:2:   layout_cellular_growth, minmay_snake_entry_spellcaster,
          gammafunk_ghost_icy
Lair:3:   layout_gridlike, minmay_swamp_entry_swarm, roderic_carrion_pond,
          serial_bayou_shore_a, lemuel_fruit_tree, grunt_megastairs_2,
          uniq_rupert
Lair:4:   wander_river, layout_concentric_octagons
Lair:5:   layout_hall_layers, slime_dummy, gammafunk_ghost_split,
          guppyfry_lair_drakes
Lair:6:   evil_forest, layout_gridlike, eino_house_with_fridge,
          infiniplex_staircase_pool_2
Swamp:1:  layout_falls_marsh, evilmike_swamp_ruin_house_4, uniq_nikola,
          uniq_kirke
Swamp:2:  layout_basic_swamp, evilmike_swamp_ruin_rubble_2
Swamp:3:  layout_basic_swamp, serial_swamp_ruin, evilmike_swamp_ruin_house_1,
          evilmike_swamp_ruin_rubble_1
Swamp:4:  swamp_basic_johnstein, layout_basic_swamp
Snake:1:  layout_gridlike, ebering_ghost_disaster_area, uniq_frances
Snake:2:  layout_grid_maze
Snake:3:  layout_gridlike
Snake:4:  grunt_snake_rune_serpentine_throne, layout_basic, serial_shops, shop,
          grunt_ministairs_6, st_stairs_5, fake_guardian_serpent_vault,
          uniq_roxanne
Slime:1:  layout_caves
Orc:1:    layout_caves, roderic_batcave, uniq_josephine
Orc:2:    st_orc_ogre_mass, layout_diamond_mine, serial_shops,
          nicolae_shop_waterfront, shop, shop, shop, nicolae_shop_behind_doors,
          portal_ice_cave_entry_pillars_1
Elf:1:    elf_arrival_001, layout_geoelf_diagonals, serial_shops, shop,
          minmay_elf_annihilation, st_stairs_6, lemuel_flamethrower_2
Elf:2:    layout_gridlike, uniq_aizul
Elf:3:    minmay_elf_hall, layout_geoelf_castle, serial_shops,
          nicolae_shop_waterfront, shop, shop_coins, nicolae_shop_behind_doors,
          wad_floor_pattern_untrapped, minmay_shop_grove
Vaults:1: grunt_vaults_trifunnel, nicolae_vaults_little_squares_3, v_rooms_6,
          hangedman_vaults_capsules, hangedman_vaults_corner_blocks,
          vaults_mumra_minichess_inversion, ontoclasm_vaults_gateway,
          ontoclasm_vaults_pinch, layout_vaults_omnigrid
Vaults:2: v_misc_5, nicolae_vaults_network_star, minmay_crypt_entry_necro_gods,
          vaults_room_ringed_pool, vaults_mumra_chevron_long,
          nicolae_vaults_ninety_degrees, vaults_room_octagon,
          vaults_room_hangedman_quadrants, v_rooms_1, nicolae_vaults_big_ls,
          nicolae_vaults_alarming, layout_vaults_omnibox, serial_shops, shop
Vaults:3: nicolae_vaults_ring_of_whatevers, nicolae_vaults_bisected_exclaves,
          v_alt_pattern_2, nicolae_vaults_back_hallway,
          grunt_vaults_hallway_short, ontoclasm_vaults_tryst,
          ontoclasm_vaults_chip, nicolae_vaults_hallways_thing,
          nicolae_vaults_mini_display_case, layout_vaults_ring, basic_altar
Vaults:4: vaults_room_stairs_pillars, nicolae_vaults_halls_meeting,
          v_alt_pattern_6, nicolae_vaults_yaktaur_gun_rack,
          nicolae_vaults_stairing_the_circle, v_alt_pattern_6,
          ontoclasm_vaults_decontamination, vaults_mumra_minichess, v_misc_9,
          vaults_dpeg_ring, layout_vaults_omnicross, uniq_bai_suzhen
Vaults:5
Crypt:1:  layout_misc_corridors, grunt_megastairs_4
Crypt:2:  layout_gridlike, ebering_ghost_xom
Crypt:3:  due_elkab, layout_chaotic_city, grunt_ministairs_8,
          nicolae_crypt_cryptocurrency, st_stairs_7, lemuel_freeze_loot_1
Depths:1: layout_cave_shapes, enter_ziggurat_a, minmay_misc_feat_tiny,
          pf_hell_entry_tar_river, hangedman_aviary, kennysheep_random_hallway,
          firewood_loft, infiniplex_staircase_pool_lava, serial_bayou_shore_b
Depths:2: minmay_glassy_protrusions, layout_honeycomb,
          nicolae_abyss_entry_one_way_or_another, serial_shops,
          nicolae_shop_waterfront, hell_entry, hangedman_decor_lopped,
          feat_on_display, minmay_shoptagon
Hell

Skill      XL: |  1  2  3  4  5  6  7  8  9 10 11 12 13 14 15 16 17 18 19 20 21 22 23 24 |
---------------+-------------------------------------------------------------------------+-----
Dodging        | 3 4 5 6 |  6.7
Fighting       | 3 4 5 6 7 8 10 11 12 14 15 | 15.1
Unarmed Combat | 4 5 6 8 9 10 11 12 13 14 15 16 17 18 19 20 22 | 22.2
Shields        | 5 7 9 11 12 14 15 16 | 16.0
Maces & Flails | 2 4 6 7 8 12 | 12.5
Throwing       | 4 6 7 8 12 14 | 14.0
Evocations     | 5 7 9 10 12 | 12.1
Armour         | 3 12 13 14 | 14.8

Action                   |  1- 3 |  4- 6 |  7- 9 | 10-12 | 13-15 | 16-18 | 19-21 | 22-24 || total
-------------------------+-------+-------+-------+-------+-------+-------+-------+-------++-------
Melee: Unarmed           |   113 |   131 |   320 |   673 |  1377 |  1492 |  1233 |  1234 ||  6573
       Punch             |     1 |       |     3 |       |       |       |       |       ||     4
       Whip              |       |       |       |    17 |    94 |    62 |    86 |       ||   259
       Headbutt          |       |       |       |       |       |    87 |   419 |   518 ||  1024
       Bite              |       |       |       |       |       |       |   209 |   260 ||   469
       Demon whip        |       |       |       |       |       |       |       |     7 ||     7
Throw: Stone             |       |       |       |     2 |       |       |       |       ||     2
       Large rock        |       |       |       |       |    10 |     3 |    19 |    13 ||    45
Invok: Trog's Hand       |       |     3 |     2 |     4 |     4 |     3 |    10 |     5 ||    31
       Berserk           |       |     3 |     2 |     3 |     2 |       |     1 |       ||    11
       Brothers in Arms  |       |       |       |     4 |     7 |     7 |     5 |     1 ||    24
 Abil: Blink             |       |       |       |       |       |       |     1 |       ||     1
Evoke: Wand              |       |       |       |       |       |       |    10 |     1 ||    11
  Use: Scroll            |       |     8 |    12 |    13 |    17 |    18 |    11 |    27 ||   106
       Potion            |       |       |       |     1 |       |     5 |       |     4 ||    10
 Stab: Sleeping          |     1 |       |       |     2 |     1 |     5 |       |     1 ||    10
       Distracted        |       |       |       |     1 |       |     1 |     1 |     3 ||     6
Armor: Animal skin       |    45 |    36 |    68 |       |       |       |       |       ||   149
       Robe              |       |       |    20 |    98 |   224 |   212 |   164 |       ||   718
       Quicksilver drago |       |       |       |       |       |       |    38 |   220 ||   258
Dodge: Dodged            |    72 |    52 |   144 |    94 |   292 |   311 |   267 |   228 ||  1460
Block: Tower shield      |       |       |    88 |   575 |  1651 |  1783 |  1424 |  1259 ||  6780
       Reflection        |       |       |       |    25 |    42 |   219 |   135 |    66 ||   487

Table legend: (Time is in decaauts)
 A = Elapsed time spent in this place.
 B = Non-inter-level travel time spent in this place.
 C = Inter-level travel time spent in this place.
 D = Time resting spent in this place.
 E = Time spent auto-exploring this place.
 F = Levels seen in this place.
 G = Mean time per level.
                   A        B        C        D        E       F      G
               +--------+--------+--------+--------+--------+-----+--------+
         Total |  73374 |  68645 |   4729 |  24585 |  17253 |  48 | 1528.6 |
       Dungeon |  19763 |  18301 |   1462 |   5819 |   6086 |  15 | 1317.5 |
          Lair |  14749 |  13271 |   1478 |   5874 |   3593 |   6 | 2458.2 |
         Swamp |   3981 |   3783 |    198 |   1422 |   1211 |   4 |  995.2 |
     Snake Pit |   9523 |   9183 |    340 |   3697 |   1064 |   4 | 2380.8 |
    Slime Pits |     10 |     10 |      0 |      0 |      0 |   1 |   10.0 |
  Orcish Mines |   2526 |   2362 |    164 |    951 |    189 |   2 | 1263.0 |
   Elven Halls |   4566 |   4373 |    193 |    983 |    968 |   3 | 1522.0 |
        Vaults |  11791 |  11158 |    633 |   4377 |   3099 |   5 | 2358.2 |
         Crypt |   4327 |   4178 |    149 |    936 |    953 |   3 | 1442.3 |
        Depths |    938 |    828 |    110 |      0 |     89 |   2 |  469.0 |
          Hell |     61 |     61 |      0 |      0 |      0 |   1 |   61.0 |
         Abyss |     50 |     50 |      0 |      6 |      0 |   1 |   50.0 |
      Ice Cave |   1084 |   1084 |      0 |    518 |      0 |   1 | 1084.0 |
               +--------+--------+--------+--------+--------+-----+--------+

Top non-repeatable levels by time:
  Lair:3: 5056 daAuts
 Snake:4: 3164 daAuts
Vaults:4: 2839 daAuts
Vaults:5: 2603 daAuts
    D:10: 2550 daAuts
  Lair:4: 2401 daAuts
   Elf:3: 2340 daAuts
Vaults:3: 2314 daAuts
  Lair:1: 2299 daAuts
 Snake:2: 2210 daAuts
    D:15: 2150 daAuts
 Snake:3: 2148 daAuts
Vaults:1: 2099 daAuts
     D:9: 2059 daAuts
  Lair:2: 2001 daAuts
